 Dungeon Crawl Stone Soup version 0.32-a0-872-g59262bdc9b (webtiles) character file.

Game seed: 4685974547726393494

53202 Autsider the Brawler (level 14, -2/134 (140) HPs)
             Began as a Troll Fighter on Mar 30, 2024.
             Was a High Priest of Wu Jian.
             Slain by a spectral anaconda (12 damage)
             ... on level 5 of the Lair of Beasts.
             The game lasted 00:57:53 (15843 turns).

Autsider the Brawler (Troll Fighter)               Turns: 15843, Time: 00:57:54

HP:   -2/134 (140)  AC: 11    Str: 33    XL:     14   Next: 30%
MP:   17/17         EV:  1    Int:  6    God:    Wu Jian [*****.]
Gold: 1127          SH: 10    Dex: 11    Spells: 17/19 levels left

rFire   . .          .
                       - Unarmed
rCold   . . .        b - +0 kite shield
rNeg    . . .        D - +0 steam dragon scales
rPois   .            I - +1 hat
rElec   .            z - +2 cloak
rCorr   .            (gloves unavailable)
SInv    .            (boots unavailable)
Will    +....        K - amulet of the acrobat
Stlth   +            l - ring of flight
HPRegen 1.22/turn    p - +6 ring of strength
MPRegen 0.15/turn

%: acrobat
@: flying, constricted, lightly drained, serpent's lash
A: large, unfitting armour, claws 3, regeneration 1, shaggy fur 1, tough skin 1
a: Renounce Religion, Wall Jump, Serpent's Lash, Heavenly Storm


You were on level 5 of the Lair of Beasts.
You worshipped Wu Jian.
Wu Jian was extremely pleased with you.
You visited 3 branches of the dungeon, and saw 18 of its levels.

You collected 1217 gold pieces.
You spent 90 gold pieces at shops.

Inventory:

Hand Weapons
 W - the +16 obsidian axe {drain, demonic, Mesm ^Drain Fly SInv}
   (You found it on level 4 of the Lair of Beasts)

   Mesm:      Its wielder is mesmerised by any visible foes, and it cannot be
   unequipped while any foes are visible.
   SInv:      It lets you see invisible.
   Fly:       It grants you flight.
   ^Drain:    It drains your maximum health when unequipped.
Missiles
 h - 8 atropa-tipped darts (quivered)
 i - 7 curare-tipped darts
 v - 23 poisoned darts
 B - 3 throwing nets
 T - 3 datura-tipped darts
Armour
 a - a +0 robe
 b - a +0 kite shield (worn)
 z - a +2 cloak (worn)
 D - +0 steam dragon scales (worn)
 I - a +1 hat (worn)
 L - a scarf of repulsion
Jewellery
 l - a ring of flight (left claw)
 p - a +6 ring of strength (right claw)
 K - an amulet of the acrobat (around neck)
 O - an amulet of magic regeneration
 P - a ring of wizardry
 S - a ring of protection from cold
Talismans
 q - a serpent talisman
Wands
 t - a wand of flame (9)
 y - a wand of iceblast (2)
 A - a wand of polymorph (7)
 F - a wand of charming (1)
 M - a wand of light (10)
 Q - a wand of digging (7)
Scrolls
 d - 2 scrolls of vulnerability
 e - 3 scrolls of immolation
 g - 2 scrolls of fog
 j - 2 scrolls of revelation
 k - 4 scrolls of noise
 o - 3 scrolls of enchant armour
 s - 4 scrolls of teleportation
 x - a scroll of blinking {unknown}
 C - 2 scrolls of poison
 E - 2 scrolls of amnesia
 G - 2 scrolls of identify
Potions
 c - 2 potions of might
 f - 2 potions of curing
 m - 3 potions of cancellation
 n - 3 potions of lignification
 r - 2 potions of resistance
 u - 4 potions of mutation
 w - 5 potions of enlightenment
 H - a potion of invisibility
 J - a potion of haste
 N - 2 potions of ambrosia
 R - a potion of berserk rage
 U - a potion of magic
 V - 2 potions of brilliance
Miscellaneous
 X - a condenser vane (inert)


   Skills:
 + Level 9.5 Fighting
 + Level 9.6 Dodging
 + Level 10.2 Shields
 * Level 15.1 Unarmed Combat
 - Level 3.3 Spellcasting
 - Level 5.5 Translocations


You had 17 spell levels left.
You knew the following spells:

 Your Spells              Type           Power      Damage    Failure   Level
a - Lesser Beckoning      Tloc           14%        N/A       9%          2

Your spell library contained the following spells:

 Spells                   Type           Power      Damage    Failure   Level
 Teleport Other           Tloc           7%         N/A       17%         3
 Kiss of Death            Conj/Necr      0%         2d5       50%         1
 Sandblast                Erth           0%         2d4       50%         1
 Maxwell's Portable Pile  Tloc           7%         2d(6-12)  50%         4
 Call Imp                 Summ           0%         N/A       63%         2
 Sublimation of Blood     Necr           0%         N/A       63%         2
 Confusing Touch          Hex            0%         N/A       86%         3
 Hailstorm                Conj/Ice       0%         3d5       86%         3
 Inner Flame              Hex/Fire       0%         N/A       86%         3
 Stone Arrow              Conj/Erth      0%         3d7       86%         3
 Summon Ice Beast         Ice/Summ       0%         N/A       86%         3
 Brom's Barrelling Bould  Conj/Erth      0%         2d3       99%         4
 Dispel Undead            Necr           0%         3d6       99%         4
 Ignite Poison            Fire/Alch      0%         N/A       99%         4
 Petrify                  Alch/Erth      0%         N/A       99%         4
 Arcjolt                  Conj/Air       0%         1d10      100%        5
 Fireball                 Conj/Fire      0%         3d3       100%        5
 Irradiate                Conj/Alch      0%         3d11      100%        5
 Conjure Ball Lightning   Conj/Air       0%         3x3d6     100%        6
 Permafrost Eruption      Ice/Erth       0%         2x4d1     100%        6
 Sculpt Simulacrum        Ice/Alch       0%         N/A       100%        6
 Ozocubu's Refrigeration  Ice            0%         4d7       100%        7
 Summon Hydra             Summ           0%         N/A       100%        7
 Ignition                 Fire           0%         3d3       100%        8
 Maxwell's Capacitive Co  Air            0%         ∞         100%        8
 Polar Vortex             Ice            0%         N/A       100%        9


Dungeon Overview and Level Annotations

Branches:
Dungeon (12/15)            Temple (1/1) D:4            Lair (5/5) D:11
  Swamp (0/4) Lair:3       Spider (0/4) Lair:3          Orc (0/2) D:9
  Slime: Lair:4-5

Altars:
Ashenzari
Cheibriados
Dithmenos
Elyvilon
Fedhas
Gozag
Hepliaklqana
Kikubaaqudgha
Makhleb
Nemelex Xobeh
Okawaru
Qazlal
Ru
Sif Muna
Trog
Uskayaw
Vehumet
Wu Jian
Xom
Yredelemnul
Zin
The Shining One
Jiyva

Shops:
D:2 =?**   D:3 [   D:7 (

Annotations:
D:11 3 runed translucent doors, Finra's ghost, novice MiFi
D:12 Frances
Lair:5 exclusion: obsidian statue


Innate Abilities, Weirdness & Mutations

You are too large for most types of armour.
You have claws for hands.
Your natural rate of healing is unusually fast.
You are covered in fur. (AC +1)
You have tough skin. (AC +1)


Message History

* * * LOW HITPOINT WARNING * * *
You feel drained. The spectral anaconda constricts you.
* * * LOW HITPOINT WARNING * * *
The spectral anaconda bites you but does no damage.
The spectral anaconda constricts you.
* * * LOW HITPOINT WARNING * * *
Okay, then.
Your muscles tense, ready for explosive movement...
You barely miss the spectral anaconda.
The spectral anaconda is lightly damaged.
You block the spectral anaconda's attack.
The spectral anaconda constricts you.
* * * LOW HITPOINT WARNING * * *
You mangle the spectral anaconda!!
The spectral anaconda is moderately damaged.
The spectral anaconda bites you.
* * * LOW HITPOINT WARNING * * *
The spectral anaconda constricts you.
* * * LOW HITPOINT WARNING * * *
The spectral anaconda bites you but does no damage.
The spectral anaconda constricts you.
* * * LOW HITPOINT WARNING * * *
You closely miss the spectral anaconda.
The spectral anaconda is moderately damaged.
The spectral anaconda bites you.
* * * LOW HITPOINT WARNING * * *
The spectral anaconda constricts you.
* * * LOW HITPOINT WARNING * * *
Okay, then.
Aiming: Polymorph
Press: ? - help, Shift-Dir - straight line, f - spectral anaconda
Aim: a spectral anaconda (moderately damaged, constricting you, infinite will)
Okay, then.
Clouds condense from the air!
The condenser dries out!
The spectral anaconda bites you!
* * * LOW HITPOINT WARNING * * *
The spectral anaconda constricts you.
* * * LOW HITPOINT WARNING * * *
The spectral anaconda bites you!
You die...

...............## ##............
................#####........##.P
..............P...#..........≈§§.
#'''########♣...#...♣♣###♣##..≈§≈
...........###....♣##########.#§.
ß.⌠.ß#####...###♣♣##.....ß# ##§.§
#ß.ß###. ###.#### #......# ###.
######.~p #....####.....ß# ##
ß..Yß#≈≈≈≈ ####.@Z.#)#########
($...'≈≈≈~.#ß.####.#†# #"##
):...'~≈~..Y.....#...# #+##
ß...ß##~~.##ß.Y..#..ß# ♣I♣# ##
####''#Y'### .P #.......P# .##
##.P......... ###P....PP.♣
#.##..#.♣♣


You could see a spectral anaconda.

Vanquished Creatures
  Gastronok (D:11)
  3 dire elephants
  Harold (D:11)
  A boulder beetle (Lair:1)
  3 two-headed ogres
  5 death yaks
  A spectral dire elephant (Lair:5)
  Sonja (Lair:2)
  A spectral death yak (Lair:5)
  3 necromancers (Lair:5)
  4 lindwurms (Lair:3)
  3 oklob plants (D:11)
  A salamander (Lair:5)
  A cyclops (D:11)
  11 elephants
  2 manticores (Lair:3)
  A dire elephant zombie (Lair:5)
  5 black mambas
  13 cane toads
  Jeremiah (D:7)
  An unseen horror (D:10)
  2 rime drakes
  15 komodo dragons
  2 trolls
  A queen bee (Lair:3)
  Grinder (D:6)
  Prince Ribbit (D:8)
  9 blink frogs
  A spectral elephant (Lair:5)
  6 slime creatures
  3 wyverns
  A vampire (D:10)
  5 basilisks
  39 yaks
  5 steam dragons
  Menkaure (D:7)
  A death yak simulacrum (Lair:5)
  2 spectral cane toads (Lair:5)
  25 water moccasins
  2 acid dragons (D:11)
  6 orc warriors
  An ice beast (D:7)
  2 sky beasts (D:8)
  An elephant zombie (Lair:5)
  A black bear (Lair:1)
  14 wolves
  3 ogres
  A centaur (D:12)
  4 kobold brigands
  Blork the orc (D:6)
  21 bullfrogs
  A gnoll sergeant (D:11)
  2 scorpions (D:7)
  3 cane toad simulacra (Lair:5)
  10 wights (D:8)
  30 killer bees
  An elephant simulacrum (Lair:5)
  5 electric eels
  5 jellies
  A gnoll bouda (D:10)
  4 hounds
  5 orc priests
  Crazy Yiuf (D:6)
  5 iguanas
  Natasha (thrice) (D:2)
  16 orc wizards
  Robin (D:3)
  9 gnolls
  6 adders
  A river rat (Lair:3)
  A shadow imp (D:7)
  A white imp (D:6)
  2 ufetubi (D:6)
  2 ribbon worms
  18 orcs
  8 bats
  5 endoplasms
  2 giant cockroaches
  13 goblins
  8 hobgoblins
  4 jackals (D:2)
  9 quokkas
  6 ball pythons
  2 frilled lizards (D:1)
  2 goblin zombies (D:8)
  17 kobolds
  5 rats
454 creatures vanquished.

Notes
Turn   | Place    | Note
-------+----------+-------------------------------------------
     0 | D:1      | Autsider the Troll Fighter began the quest for the Orb.
     0 | D:1      | Reached XP level 1. HP: 22/22 MP: 0/0
   134 | D:1      | Reached XP level 2. HP: 29/29 MP: 1/1
   153 | D:1      | Found a faded altar of an unknown god.
   739 | D:2      | Found Bugoamoq's Jewellery Shop.
   751 | D:2      | Reached XP level 3. HP: 36/36 MP: 2/2
   766 | D:2      | Noticed Natasha
   781 | D:2      | Killed Natasha
   782 | D:2      | Reached skill level 3 in Unarmed Combat
   834 | D:2      | Found Imeffema's Magic Scroll Shop.
   844 | D:2      | Reached XP level 4. HP: 44/44 MP: 3/3
   852 | D:2      | Noticed Natasha
   862 | D:2      | Killed Natasha
   867 | D:2      | Noticed Natasha
   873 | D:2      | Killed Natasha
   873 | D:2      | Noticed an ogre
   882 | D:2      | Killed an ogre
   883 | D:2      | Reached skill level 4 in Unarmed Combat
   883 | D:2      | Reached XP level 5. HP: 34/53 MP: 4/4
   900 | D:2      | Bought a scroll of enchant armour for 90 gold pieces
   910 | D:2      | Learned a level 2 spell: Lesser Beckoning
   932 | D:2      | Found a hide-covered altar of Uskayaw.
  1014 | D:2      | Found Adets's Assorted Antiques.
  1021 | D:2      | Found Kotheoty's Assorted Antiques.
  1404 | D:3      | Found a transporter.
  1406 | D:3      | Found Vosheaq's Armour Shoppe.
  1470 | D:3      | Found a transporter.
  1808 | D:3      | Noticed Robin
  1827 | D:3      | Killed Robin
  2186 | D:4      | Reached XP level 6. HP: 58/61 MP: 5/5
  2201 | D:4      | Found a staircase to the Ecumenical Temple.
  2213 | Temple   | Entered the Ecumenical Temple
  2327 | D:4      | Found a radiant altar of Vehumet.
  2328 | D:4      | Found a glowing silver altar of Zin.
  2872 | D:5      | Entered Level 5 of the Dungeon
  3519 | D:6      | Found a runed translucent door.
  3520 | D:6      | Noticed Crazy Yiuf
  3553 | D:6      | Noticed Grinder
  3653 | D:6      | Paralysed by Grinder for 5 turns
  3692 | D:7      | Reached skill level 1 in Translocations
  3760 | D:7      | Noticed Menkaure
  3780 | D:7      | Noticed an ice beast
  3807 | D:6      | Killed Grinder
  3808 | D:6      | Reached skill level 5 in Unarmed Combat
  3808 | D:6      | Reached skill level 1 in Spellcasting
  3808 | D:6      | Reached XP level 7. HP: 54/68 MP: 7/7
  3827 | D:7      | Killed Menkaure
  3918 | D:6      | Reached XP level 8. HP: 49/78 MP: 7/9
  4082 | D:6      | Noticed Blork the orc
  4093 | D:6      | Killed Blork the orc
  4422 | D:6      | Killed Crazy Yiuf
  4423 | D:6      | Reached skill level 6 in Unarmed Combat
  4822 | D:7      | Found Ynnut's Antique Weapon Boutique.
  4900 | D:7      | Noticed Jeremiah
  4977 | D:7      | Killed Jeremiah
  4978 | D:7      | Reached skill level 5 in Shields
  4978 | D:7      | Reached XP level 9. HP: 54/85 MP: 11/11
  5133 | D:7      | Reached skill level 7 in Unarmed Combat
  5347 | D:8      | Found a sparkling altar of Nemelex Xobeh.
  5384 | D:8      | Noticed a two-headed ogre
  5480 | D:8      | Noticed a two-headed ogre
  5638 | D:8      | Killed a two-headed ogre
  5639 | D:8      | Reached skill level 5 in Fighting
  5639 | D:8      | Reached skill level 5 in Dodging
  5824 | D:8      | Reached skill level 8 in Unarmed Combat
  5873 | D:8      | Killed a two-headed ogre
  5874 | D:8      | Reached XP level 10. HP: 13/96 MP: 13/13
  5905 | D:8      | Noticed Prince Ribbit
  5963 | D:8      | Killed Prince Ribbit
  6237 | D:8      | Found a runed translucent door.
  6240 | D:8      | Found a basalt altar of Yredelemnul.
  6908 | D:9      | Found a white marble altar of Elyvilon.
  6915 | D:9      | Found an ornate altar of the Wu Jian Council.
  7022 | D:9      | Found a staircase to the Orcish Mines.
  7180 | D:9      | Became a worshipper of the Wu Jian Council
  7346 | D:10     | Entered Level 10 of the Dungeon
  7416 | D:10     | Reached skill level 9 in Unarmed Combat
  7921 | D:10     | Found a broken altar of Ashenzari.
  7923 | D:10     | Reached * piety under Wu Jian
  7934 | D:10     | Reached XP level 11. HP: 93/105 MP: 14/14
  8178 | D:11     | Noticed Gastronok
  8207 | D:11     | Killed Gastronok
  8330 | D:10     | Reached skill level 10 in Unarmed Combat
  8568 | D:11     | Found a viscous altar of Jiyva.
  8634 | D:11     | Identified the +4 scale mail of a bazaar {rC+ MP+9}
  8748 | D:11     | Noticed a two-headed ogre
  8754 | D:11     | Killed a two-headed ogre
  8780 | D:11     | Noticed Harold
  8794 | D:11     | Killed Harold
  8795 | D:11     | Reached skill level 5 in Translocations
  8895 | D:11     | Found a staircase to the Lair.
  8895 | D:11     | Noticed an oklob plant
  8901 | D:11     | Noticed an oklob plant
  8901 | D:11     | Noticed an oklob plant
  9046 | D:11     | Found a runed translucent gate.
  9046 | D:11     | Found a runed translucent gate.
  9046 | D:11     | Found a runed translucent gate.
  9047 | D:11     | Identified the +0 chain mail of Greed {rElec rC+ Dex+3}
  9047 | D:11     | Noticed a 12-headed hydra
  9047 | D:11     | Noticed Finra's ghost (novice MiFi)
  9047 | D:11     | Noticed an 11-headed hydra
  9375 | D:11     | Killed an oklob plant
  9401 | D:11     | Killed an oklob plant
  9439 | D:11     | Killed an oklob plant
  9692 | D:12     | Noticed Frances
  9712 | D:12     | Noticed a sixfirhy
  9782 | Lair:1   | Entered Level 1 of the Lair of Beasts
  9865 | Lair:1   | Reached skill level 11 in Unarmed Combat
  9993 | Lair:1   | Reached ** piety under Wu Jian
 10140 | Lair:1   | Reached XP level 12. HP: 82/118 MP: 15/15
 10716 | Lair:2   | Noticed a boulder beetle
 10746 | Lair:1   | Killed a boulder beetle
 10974 | Lair:2   | Noticed Sonja
 10991 | Lair:2   | Killed Sonja
 11022 | Lair:2   | Reached skill level 12 in Unarmed Combat
 11580 | Lair:3   | Found a staircase to the Swamp.
 11680 | Lair:3   | Reached *** piety under Wu Jian
 12152 | Lair:3   | Reached skill level 13 in Unarmed Combat
 12152 | Lair:3   | Reached XP level 13. HP: 85/127 MP: 16/16
 12221 | Lair:3   | Reached **** piety under Wu Jian
 12276 | Lair:3   | Got the Cyclopedia of Calescent Anemomancy
 12357 | Lair:3   | Found a hole to the Spider Nest.
 13866 | Lair:4   | Found the +16 obsidian axe {drain, demonic, Mesm ^Drain Fly
                  | SInv}
 14060 | Lair:5   | Entered Level 5 of the Lair of Beasts
 14134 | Lair:4   | Reached ***** piety under Wu Jian
 14135 | Lair:4   | Reached skill level 14 in Unarmed Combat
 14307 | Lair:4   | HP: 4/195 [komodo dragon (13)]
 14320 | Lair:4   | HP: 6/130 [blink frog (9)]
 14325 | Lair:4   | HP: 3/130 [blink frog (15)]
 15147 | Lair:5   | Reached XP level 14. HP: 138/140 MP: 17/17
 15315 | Lair:5   | Reached skill level 10 in Shields
 15751 | Lair:5   | Reached skill level 15 in Unarmed Combat
 15843 | Lair:5   | Slain by a spectral anaconda

Illustrated notes

Levels and vault maps discovered:
D:1:      dpeg_cavernosity, layout_basic, ebering_ecumenical_altar_abandoned
D:2:      layout_rooms, basic_altar, serial_shops, nicolae_shop_trees,
          nicolae_shop_stone, nicolae_shop_tiny_statue_garden,
          nicolae_shop_overgrown_old_shop, uniq_natasha
D:3:      layout_basic, serial_shops, nicolae_shop_drivethru,
          nicolae_elevator_lobby_asterisk, uniq_robin
D:4:      layout_loops_ring, mainiacjoe_overflow_divided_tiny, temple_doors_cd,
          dk_noncrumbling_4
D:5:      layout_loops_ring
D:6:      layout_gridville, uniq_crazy_yiuf_cottage, uniq_grinder,
          uniq_blork_the_orc
D:7:      layout_loops_ring, serial_shops, shop, nrook_mini_vaults,
          minmay_fractal_squares_diagonal_5, uniq_jeremiah, uniq_menkaure
D:8:      layout_basic, mainiacjoe_overflow_surrounded_room,
          dk_yredelemnul_ordeal, uniq_prince_ribbit1
D:9:      minmay_flawed_box, layout_basic, amcnicky_altar_gilded,
          lemuel_doored_altar, orc_0_dummy
D:10:     layout_roguey, evilmike_ruin_ashenzari
D:11:     layout_cave_pools, dpeg_oklobed_lair, gammafunk_ghost_hydra_chop,
          minmay_gold_behind_fungi, minivault_25, grunt_decor_one_mirror,
          kennysheep_cross_bottleneck, jiyva_altar_1, uniq_harold,
          uniq_gastronok
D:12:     layout_irregular_city, uniq_frances
Temple:   bh_familiar_temple
Lair:1:   layout_gridlike, serial_bayou_shore_a, grunt_megastairs_3
Lair:2:   layout_loops_ring, minivault_19, chequers_serial_rivers_small_a,
          uniq_sonja
Lair:3:   regret_index_wax_grids, layout_small_grid, minmay_swamp_entry_eels,
          spider_nest_entry_web_field, nicolae_lair_lindhole
Lair:4:   layout_regular_city, chequers_serial_rivers_room_a,
          beast_lair_carwin_4, infiniplex_staircase_pool
Lair:5:   due_jungle_book, layout_gridlike, slime_entry_1

Skill      XL: |  1  2  3  4  5  6  7  8  9 10 11 12 13 14 |
---------------+-------------------------------------------+-----
Shields        | 3 4 5 6 7 8 9 10 | 10.2
Unarmed Combat | 3 4 5 6 8 9 11 13 14 15 | 15.1
Fighting       | 3 4 5 6 7 8 9 |  9.5
Dodging        | 3 4 5 6 7 8 9 |  9.6
Translocations | 1 2 3 4 5 |  5.5
Spellcasting   | 1 2 3 |  3.3

Action                     |  1- 3 |  4- 6 |  7- 9 | 10-12 | 13-15 || total
---------------------------+-------+-------+-------+-------+-------++-------
  Melee: Unarmed           |    99 |   170 |   231 |   707 |   527 ||  1734
 Invoke: Serpent's Lash    |       |       |       |       |     1 ||     1
Ability: Lunge             |       |       |       |    41 |    23 ||    64
         Whirlwind         |       |       |       |     4 |    11 ||    15
  Evoke: Wand              |       |       |       |     3 |       ||     3
         Condenser vane    |       |       |       |       |     1 ||     1
    Use: Scroll            |       |    14 |     1 |     5 |     3 ||    23
         Potion            |       |       |       |     2 |     4 ||     6
   Stab: Sleeping          |     2 |     1 |       |       |       ||     3
 Armour: Robe              |    54 |    94 |   129 |    11 |       ||   288
         Steam dragon scal |       |       |       |   377 |   305 ||   682
  Dodge: Dodged            |    27 |    61 |    51 |   241 |   171 ||   551
  Block: Kite shield       |    26 |    71 |    86 |   254 |   238 ||   675

Table legend: (Time is in decaauts)
 A = Elapsed time spent in this place.
 B = Non-inter-level travel time spent in this place.
 C = Inter-level travel time spent in this place.
 D = Time resting spent in this place.
 E = Time spent auto-exploring this place.
 F = Levels seen in this place.
 G = Mean time per level.
                   A        B        C        D        E       F      G
               +--------+--------+--------+--------+--------+-----+--------+
         Total |  15738 |  14694 |   1044 |   1689 |   8635 |  18 |  874.3 |
       Dungeon |   9791 |   9075 |    716 |    561 |   6074 |  12 |  815.9 |
        Temple |      1 |      0 |      1 |      0 |      0 |   1 |    1.0 |
          Lair |   5945 |   5618 |    327 |   1127 |   2561 |   5 | 1189.0 |
               +--------+--------+--------+--------+--------+-----+--------+

Top non-repeatable levels by time:
  Lair:3: 1511 daAuts
  Lair:4: 1486 daAuts
    D:11: 1412 daAuts
     D:8: 1198 daAuts
  Lair:5: 1174 daAuts
     D:7: 1033 daAuts
  Lair:1: 995 daAuts
     D:3: 979 daAuts
    D:10: 844 daAuts
     D:6: 832 daAuts
  Lair:2: 777 daAuts
     D:9: 748 daAuts
     D:1: 717 daAuts
     D:4: 715 daAuts
     D:5: 651 daAuts
